 Dungeon Crawl Stone Soup version 0.28.0-47-ge53b351184 (webtiles) character file.

Game seed: 1282585259572001295

1946 Allula97 the Twirler (level 8, -4/90 HPs)
             Began as a Demonspawn Gladiator on Apr 28, 2022.
             Was a Priest of Nemelex Xobeh.
             Slain by Edmund
             ... wielding a +1 flail of protection
              (8 damage)
             ... on level 6 of the Dungeon.
             The game lasted 00:17:57 (5289 turns).

Allula97 the Twirler (Demonspawn Gladiator)         Turns: 5289, Time: 00:17:58

Health: -4/90      AC: 28    Str: 17    XL:     8   Next: 98%
Magic:  11/11      EV:  2    Int:  9    God:    Nemelex Xobeh [***...]
Gold:   335        SH:  0    Dex: 21    Spells: 7/7 levels left

rFire   . . .      SeeInvis .   a - +1 quarterstaff
rCold   . . .      Faith    .   (shield currently unavailable)
rNeg    . . .      Spirit   .   (armour currently unavailable)
rPois   +          Reflect  .   (helmet unavailable)
rElec   .          Harm     .   (cloak currently unavailable)
rCorr   .          Rampage  .   (gloves currently unavailable)
Will    .....      NoTele   +   (boots currently unavailable)
Stlth   +.........              (no amulet)
HPRegen 0.25/turn               j - +4 ring of protection
MPRegen 0.12/turn               r - +6 ring of dexterity

@: confused, mighty, lethally poisoned (-4 -> -8), tree-form, ambrosia-drunk,
hasted, invisible, very quick
A: stationary, stasis, torment immunity, boosted hp, (antennae 3), (sharp scales
1)
a: Renounce Religion, Draw Escape, Draw Destruction, Draw Summoning, Triple Draw


You were on level 6 of the Dungeon.
You worshipped Nemelex Xobeh.
Nemelex Xobeh was most pleased with you.
You were a tree.
You visited 1 branch of the dungeon, and saw 6 of its levels.

You collected 335 gold pieces.

Inventory:

Hand Weapons
 a - a +1 quarterstaff (weapon)
Missiles
 d - 2 throwing nets (quivered)
Armour
 b - a +0 pair of boots of stealth (melded)
 x - a +2 ring mail of fire resistance (melded)
Magical Staves
 g - a staff of earth
Jewellery
 e - a ring of flight
 h - a ring of willpower
 i - a ring of poison resistance
 j - a +4 ring of protection (left branch)
 r - a +6 ring of dexterity (right branch)
 v - a ring of fire
 w - a ring of protection from fire
 y - a +6 ring of strength
Wands
 z - a wand of iceblast (10)
Scrolls
 f - a scroll of amnesia
 n - 2 scrolls of teleportation
 p - 2 scrolls of fog
 s - a scroll of magic mapping
 u - a scroll of summoning
Potions
 c - a potion of haste
 m - 3 potions of attraction
 o - a potion of might
 t - a potion of ambrosia


   Skills:
 * Level 4.0 Fighting
 + Level 0.4(4.8) Polearms
 * Level 7.8 Staves
 - Level 1.7 Throwing
 * Level 4.3 Armour
 * Level 4.7 Dodging
 + Level 1.1 Stealth
 * Level 4.6 Invocations


You had 7 spell levels left.
You didn't know any spells.
Your spell library contained the following spells:

 Spells                   Type           Power      Damage    Failure   Level
 Gell's Gravitas          Tloc           0%         N/A       77%         3
 Teleport Other           Tloc           0%         N/A       77%         3
 Dispersal                Tloc           0%         N/A       100%        6


Dungeon Overview and Level Annotations

Branches:
Dungeon (6/15)
 Temple: D:4-7

Altars:
Nemelex Xobeh

Annotations:
D:6 Edmund


Innate Abilities, Weirdness & Mutations

You are a tree.
Your roots penetrate the ground, keeping you stationary.
You cannot be teleported.
You are immune to unholy pain and torment.
Your maximum health is greatly increased.
Your equipment is partially melded.
((You have a pair of large antennae on your head. (SInv)))
((You are partially covered in razor-sharp scales. (AC +1, Slay +1)))


Message History

The water moccasin is lightly wounded.
The water moccasin misses you.
You sock the water moccasin!
The water moccasin is heavily wounded.
The water moccasin bites you.
You are poisoned.
The water moccasin poisons you!
You barely miss the water moccasin.
The water moccasin is heavily wounded.
You feel very sick.
The water moccasin bites you but does no damage.
You sock the water moccasin!
The water moccasin is almost dead.
You feel sick. The water moccasin bites you.
* * * LOW HITPOINT WARNING * * *
You feel very mighty all of a sudden.
* * * LOW HITPOINT WARNING * * *
You feel sick. The water moccasin bites you.
* * * LOW HITPOINT WARNING * * *
You sock the water moccasin!
You kill the water moccasin!
* * * LOW HITPOINT WARNING * * *
You feel sick.
It was a potion of invisibility.
You fade into invisibility!
* * * LOW HITPOINT WARNING * * *
You feel sick.
It was a potion of lignification.
You turn into a tree.
Your +0 pair of boots of stealth melds into your body.
Your +2 ring mail of fire resistance melds into your body.
You feel less stealthy.
You feel less resistant to fire.
Your roots penetrate the ground.
* * * LOW HITPOINT WARNING * * *
You feel sick. Edmund hits you but does no damage.
It was a potion of ambrosia.
You are confused.
You feel invigorated.
Edmund hits you with a +1 flail of protection!
You die...
Your body glows with a rainbow of weird colours and disappears.

###########
###################....)....#
................♣@..........#
##################..........#
##### #..........#
....#############..####...###
###..............<..# #..).#
.########.........#. #...##
.### ###.........#[. ....#
...####...........#####...#
##......#.........# #...#


You could see Edmund.

Vanquished Creatures
  Eustachio (D:6)
  A water moccasin (D:6)
  An ice beast (D:5)
  2 black bears
  A necrophage (D:6)
  3 ogres
  2 centaurs (D:6)
  A scorpion (D:5)
  3 water moccasin skeletons
  2 howler monkeys (D:6)
  2 centaur zombies
  2 hounds (D:5)
  3 jellies
  An orc priest (D:6)
  An iguana (D:5)
  A scorpion zombie (D:5)
  An orc wizard (D:6)
  A hound skeleton (D:4)
  5 gnolls
  6 adders
  A shadow imp (D:6)
  A white imp (D:5)
  An adder skeleton (D:4)
  A worm (D:2)
  3 dart slugs
  An orc (D:3)
  8 ball pythons
  4 bats
  4 endoplasms
  3 giant cockroaches
  3 goblins
  5 hobgoblins
  2 quokkas (D:2)
  2 frilled lizards
  7 kobolds
  4 rats
90 creatures vanquished.

Vanquished Creatures (collateral kills)
  An ogre (D:3)
  An orc wizard (D:3)
  A gnoll (D:3)
  2 orcs (D:3)
  A quokka (D:3)
  4 ball pythons (D:3)
  A kobold (D:3)
11 creatures vanquished.

Grand Total: 101 creatures vanquished

Notes
Turn   | Place    | Note
-------+----------+-------------------------------------------
     0 | D:1      | Allula97 the Demonspawn Gladiator began the quest for the
                  | Orb.
     0 | D:1      | Reached XP level 1. HP: 16/16 MP: 1/1
   132 | D:1      | Found a faded altar of an unknown god.
   137 | D:1      | Prayed at the altar of an unknown god.
   137 | D:1      | Became a worshipper of Nemelex Xobeh the Trickster
   137 | D:1      | Reached * piety under Nemelex Xobeh
   397 | D:1      | Received a gift from Nemelex Xobeh
   483 | D:1      | Gained mutation: You are partially covered in razor-sharp
                  | scales. (AC +1, Slay +1) [demonic ancestry]
   483 | D:1      | Reached XP level 2. HP: 18/22 MP: 2/2
   865 | D:2      | Reached skill level 3 in Staves
   928 | D:2      | Received a gift from Nemelex Xobeh
  1329 | D:2      | Reached ** piety under Nemelex Xobeh
  1360 | D:2      | Reached XP level 3. HP: 27/27 MP: 3/3
  1412 | D:2      | You fall into a shaft and drop 1 floor!
  1925 | D:3      | Received a gift from Nemelex Xobeh
  2060 | D:3      | Reached skill level 1 in Armour
  2060 | D:3      | Gained mutation: You have a pair of small antennae on your
                  | head. [demonic ancestry]
  2060 | D:3      | Reached XP level 4. HP: 12/33 MP: 4/4
  2316 | D:3      | Noticed an ogre
  2332 | D:3      | Reached skill level 4 in Staves
  2332 | D:3      | Reached skill level 1 in Invocations
  2333 | D:3      | Killed an ogre
  2334 | D:3      | Reached XP level 5. HP: 33/39 MP: 4/6
  2727 | D:4      | Reached XP level 6. HP: 14/46 MP: 7/7
  3117 | D:4      | Reached skill level 5 in Staves
  3474 | D:4      | Reached *** piety under Nemelex Xobeh
  3817 | D:5      | Entered Level 5 of the Dungeon
  3864 | D:5      | Gained mutation: You have a pair of antennae on your head.
                  | [demonic ancestry]
  3864 | D:5      | Reached XP level 7. HP: 51/51 MP: 8/8
  4111 | D:5      | Reached skill level 6 in Staves
  4263 | D:5      | Received a gift from Nemelex Xobeh
  4748 | D:6      | Gained mutation: You have a pair of large antennae on your
                  | head. (SInv) [demonic ancestry]
  4748 | D:6      | Reached XP level 8. HP: 58/58 MP: 10/10
  4750 | D:6      | Reached skill level 1 in Stealth
  4763 | D:6      | Reached skill level 7 in Staves
  4873 | D:6      | HP: 2/60 [centaur/arrow (9)]
  5127 | D:6      | Noticed Eustachio
  5141 | D:6      | Killed Eustachio
  5256 | D:6      | Noticed Edmund
  5285 | D:6      | HP: 3/60 [water moccasin (5)]
  5289 | D:6      | Slain by Edmund

Illustrated notes

Levels and vault maps discovered:
D:1:      minmay_arrival_wavy_path, layout_basic,
          chequers_ecumenical_altar_grove, ebering_dispersal_statue_hall
D:2:      minmay_diamond_boxcup, layout_basic, minmay_statues_item
D:3:      minmay_recursive_quarters, layout_rooms, kennysheep_generic_room_13
D:4:      layout_loops_cross, hangedman_abyss_or_decor_passed,
          kennysheep_opposing_triangles
D:5:      layout_basic
D:6:      wander_river, layout_rooms, minmay_three_doors, uniq_duvessa,
          uniq_edmund, uniq_eustachio

Skill      XL: |  1  2  3  4  5  6  7  8 |
---------------+-------------------------+-----
Dodging        | 3 4 |  4.7
Staves         | 3 4 5 6 7 |  7.8
Armour         | 1 2 3 4 |  4.3
Invocations    | 1 2 3 4 |  4.6
Fighting       | 3 4 |  4.0
Stealth        | 1 |  1.1
Polearms       | |  0.4
Throwing       | |  1.7

Action                   |  1- 3 |  4- 6 |  7- 9 || total
-------------------------+-------+-------+-------++-------
Melee: Quarterstaff      |    88 |   116 |   155 ||   359
Throw: Throwing net      |       |       |     2 ||     2
Invok: Draw Destruction  |     2 |     1 |     4 ||     7
       Draw Summoning    |     1 |     1 |       ||     2
       Draw Escape       |       |     3 |     1 ||     4
       Triple Draw       |       |       |     1 ||     1
Evoke: Wand              |       |       |     1 ||     1
  Use: Scroll            |     3 |     5 |     1 ||     9
       Potion            |       |       |    10 ||    10
 Stab: Sleeping          |       |     2 |     1 ||     3
Armor: Scale mail        |    52 |    41 |       ||    93
       Ring mail         |       |    31 |    95 ||   126
       Chain mail        |       |     3 |       ||     3
       Skin              |       |       |     1 ||     1
Dodge: Dodged            |    67 |    85 |    98 ||   250
